 Dungeon Crawl Stone Soup version 0.31-a0-1010-g5322dac (webtiles) character file.

Game seed: 7699070769673454214

134 Geeful the Changeling (level 5, -2/34 HPs)
             Began as an Octopode Shapeshifter on Nov 16, 2023.
             Slain by a gnoll
             ... wielding a +0 club
              (7 damage)
             ... on level 5 of the Dungeon.
             The game lasted 00:06:22 (3059 turns).

Geeful the Changeling (Octopode Shapeshifter)       Turns: 3059, Time: 00:06:22

Health: -2/34      AC:  1    Str: 16    XL:     5   Next: 17%
Magic:  5/5        EV: 13    Int: 12    God:
Gold:   899        SH:  0    Dex: 11    Spells: 4/4 levels left

rFire   . .          .
                       - Unarmed
rCold   + . .        (no shield)
rNeg    + . .        (helmet currently unavailable)
rPois   .            (no amulet)
rElec   .            g - ring of positive energy
rCorr   .            m - ring "Fuduh" {Fly rC+}
SInv    .            (no ring)
Will    .....        (no ring)
Stlth   ++           (no ring)
HPRegen 0.25/turn    (no ring)
MPRegen 0.09/turn    (no ring)
                     (no ring)

%: no passive effects
@: beast-form, flying
A: beast (slay +2), almost no armour, amphibious, 8 rings, camouflage 1,
gelatinous body 1, (nimble swimmer 1), tentacles
a: Begin Untransformation


You were on level 5 of the Dungeon.
You were a hulking beast.
You visited 1 branch of the dungeon, and saw 5 of its levels.

You collected 899 gold pieces.

Inventory:

Missiles
 l - 8 poisoned darts
Jewellery
 g - a ring of positive energy (left tentacle)
 m - the ring "Fuduh" (right tentacle) {Fly rC+}
   (You acquired it on level 3 of the Dungeon)

   [ring of flight]

   rC+:       It protects you from cold.
   Fly:       It grants you flight.
Talismans
 b - a beast talisman
 c - a flux talisman
 d - a blade talisman
Scrolls
 s - a scroll of fog
Potions
 a - a potion of lignification
 e - a potion of attraction
 f - a potion of berserk rage
 h - a potion of mutation
 j - a potion of invisibility
 k - a potion of heal wounds
 n - a potion of degeneration {unknown}
 q - a potion of curing


   Skills:
 + Level 2.2 Fighting
 + Level 2.9 Dodging
 + Level 3.6 Unarmed Combat
 * Level 4.0 Shapeshifting


You had 4 spell levels left.
You didn't know any spells.
Your spell library contained the following spells:

 Spells                   Type           Power      Damage    Failure   Level
 Necrotise                Necr           0%         1d4       32%         1
 Scorch                   Fire           0%         2d5       45%         2
 Dazzling Flash           Conj/Hex       0%         N/A       69%         3
 Vampiric Draining        Necr           0%         2d6       69%         3
 Volatile Blastmotes      Fire/Tloc      0%         2d10      69%         3
 Flame Wave               Conj/Fire      0%         2d4       97%         4
 Agony                    Necr           0%         N/A       100%        5
 Starburst                Conj/Fire      0%         6d3       100%        6
 Summon Cactus Giant      Summ           0%         N/A       100%        6
 Maxwell's Capacitive Co  Air            0%         ∞         100%        8


Dungeon Overview and Level Annotations

Branches:
Dungeon (5/15)
 Temple: D:4-7

Altars:
Okawaru

Shops:
D:3 (


Innate Abilities, Weirdness & Mutations

You are a hulking beast.
Your limbs bulge with bestial killing power. (Slay +2)
You cannot wear most types of armour.
You are amphibious.
You can wear up to eight rings at the same time.
Your skin changes colour to match your surroundings (Stealth+).
Your rubbery body absorbs attacks. (AC +1, EV +1)
((You are camouflaged when in or above water. (Stealth+)))
You have tentacles for arms and can constrict up to eight enemies at once.


Message History

The orc hits you with a +0 falchion. The orc barely misses you.
There is a stone staircase leading up here.
The gnoll closely misses you. The orc closely misses you.
You fly upwards.
There is a stone staircase leading down here.
You barely miss the orc. Your grab misses the orc. You tentacle-slap the orc.
Your grab misses the orc.
The orc is heavily wounded.
The orc misses you.
You barely miss the orc. You grab the orc.
The orc is heavily wounded.
You constrict the orc. The orc misses you.
You tentacle-slap the orc.
The orc is almost dead.
You constrict the orc.
You kill the orc!
You start resting.
HP restored.
You fly downwards.
An orc comes into view. It is wielding a +0 hand axe.
The orc moves out of view.
There is a stone staircase leading up here.
The gnoll hits you with a +0 spear.
The gnoll hits you from afar with a +0 spear!
You barely miss the gnoll.
The orc shouts!
Your grab misses the gnoll. The gnoll completely misses you.
The gnoll hits you with a +0 spear.
You tentacle-slap the gnoll but do no damage.
You grab the gnoll. You constrict the gnoll.
The gnoll hits you with a +0 spear.
The gnoll hits you from afar with a +0 spear.
* * * LOW HITPOINT WARNING * * *
You release your grip on the gnoll.
The gnoll hits you from afar with a +0 spear.
* * * LOW HITPOINT WARNING * * *
There is a stone staircase leading up, spattered with blood here.
The gnoll misses you. The gnoll hits you with a +0 club!
You die...

#.. #. #.# ..##.##
#. ... #. #.# #
#.##o####.#
#.##.#.....)...#.
#.......gg........
.......h##........
..##.#..##.##..#..
# #..##.# ...(.
#...... ....
#..##.# .#.
...<... .# #..# ..
##.#


You could see 2 gnolls and an orc.

Vanquished Creatures
  A gnoll (D:5)
  5 adders
  3 worms
  2 dart slugs
  13 orcs
  5 endoplasms
  3 giant cockroaches
  4 goblins
  A hobgoblin (D:2)
  A jackal (D:4)
  4 kobolds
  3 quokkas
  2 ball pythons (D:1)
  3 bats
  A frilled lizard (D:3)
  4 rats
55 creatures vanquished.

Notes
Turn   | Place    | Note
-------+----------+-------------------------------------------
     0 | D:1      | Geeful the Octopode Shapeshifter began the quest for the
                  | Orb.
     0 | D:1      | Reached XP level 1. HP: 13/13 MP: 1/1
   313 | D:1      | Reached XP level 2. HP: 18/18 MP: 2/2
   930 | D:2      | Reached XP level 3. HP: 23/23 MP: 3/3
  1620 | D:3      | Reached XP level 4. HP: 21/29 MP: 4/4
  1776 | D:3      | Identified 2 scrolls of acquirement
  1776 | D:3      | Acquired the ring "Fuduh" {Fly rC+}
  1945 | D:3      | Found an iron altar of Okawaru.
  2070 | D:3      | Found Gociesue's Antique Weapon Boutique.
  2194 | D:3      | Acquired 736 gold pieces
  2686 | D:4      | Reached skill level 4 in Shapeshifting
  2686 | D:4      | Reached XP level 5. HP: 34/34 MP: 5/5
  2998 | D:5      | Entered Level 5 of the Dungeon
  3059 | D:5      | Slain by a gnoll

Illustrated notes

Levels and vault maps discovered:
D:1:      matt_arrival_refuge, layout_basic
D:2:      layout_basic
D:3:      wander_river, layout_rooms, kennysheep_okawaru_gauntlet, serial_shops,
          shop
D:4:      layout_rooms, hangedman_decor_peaks_small, minmay_pentomino_pile
D:5:      layout_basic, ebering_ghost_rock_garden, chequers_garden

Skill      XL: |  1  2  3  4 |
---------------+-------------+-----
Fighting       | 2 |  2.2
Shapeshifting  | 4 |  4.0
Dodging        | |  2.9
Unarmed Combat | |  3.6

Action                     |  1- 3 |  4- 6 || total
---------------------------+-------+-------++-------
  Melee: Unarmed           |    49 |    64 ||   113
         Tentacles         |    10 |    11 ||    21
         Constrict         |     6 |    16 ||    22
         Punch             |     1 |     1 ||     2
    Use: Scroll            |     4 |    10 ||    14
   Stab: Sleeping          |    10 |     6 ||    16
 Armour: Skin              |    14 |    32 ||    46
  Dodge: Dodged            |    17 |    39 ||    56

Table legend: (Time is in decaauts)
 A = Elapsed time spent in this place.
 B = Non-inter-level travel time spent in this place.
 C = Inter-level travel time spent in this place.
 D = Time resting spent in this place.
 E = Time spent auto-exploring this place.
 F = Levels seen in this place.
 G = Mean time per level.
                   A        B        C        D        E       F      G
               +--------+--------+--------+--------+--------+-----+--------+
         Total |   3051 |   2919 |    132 |    153 |   2288 |   5 |  610.2 |
       Dungeon |   3051 |   2919 |    132 |    153 |   2288 |   5 |  610.2 |
               +--------+--------+--------+--------+--------+-----+--------+

Top non-repeatable levels by time:
     D:1: 853 daAuts
     D:4: 819 daAuts
     D:2: 749 daAuts
     D:3: 611 daAuts
     D:5: 17 daAuts
